 Dungeon Crawl Stone Soup version 0.20.1 (webtiles) character file.

35 vishdafish the Charmwright (level 3, -1/27 HPs)
             Began as a Demonspawn Skald on July 3, 2017.
             Slain by an adder (5 damage)
             ... on level 2 of the Dungeon.
             The game lasted 00:03:07 (930 turns).

vishdafish the Charmwright (Demonspawn Skald)        Turns: 930, Time: 00:03:08

Health: -1/27      AC:  3    Str: 11    XL:     3   Next: 17%
Magic:  6/6        EV: 12    Int: 15    God:
Gold:   84         SH:  0    Dex: 14    Spells: 3/6 levels left

rFire    + . .     SeeInvis .   a - +0 spear
rCold    . . .     Gourm    .   (no shield)
rNeg     . . .     Faith    .   b - +0 leather armour
rPois    .         Spirit   .   (no helmet)
rElec    .         Reflect  .   (no cloak)
rCorr    .         Harm     .   (no gloves)
MR       .....                  (no boots)
Stlth    ++........             (no amulet)
Regen    0.1/turn               (no ring)
MPRegen  0.1/turn               (no ring)

@: lethally poisoned (-1 -> -5), very slightly contaminated, invisible
A: thin skeletal structure 1, fire resistance 1
a: no special abilities


You were on level 2 of the Dungeon.
You were not hungry.

You visited 1 branch of the dungeon, and saw 2 of its levels.

You collected 84 gold pieces.

Inventory:

Hand Weapons
 a - a +0 spear (weapon)
Armour
 b - a +0 leather armour (worn)
Scrolls
 e - a scroll of fear {unknown}
 g - a scroll of identify {unknown}
Potions
 f - 2 potions of invisibility
Books
 c - a book of Battle

   Spells                             Type                      Level
   a - Infusion                       Charms                       1
   b - Shroud of Golubria             Charms/Translocation         2
   c - Song of Slaying                Charms                       2
   d - Spectral Weapon                Hexes/Charms                 3
   e - Regeneration                   Charms/Necromancy            3
Comestibles
 d - a bread ration


   Skills:
 + Level 2.2 Fighting
 + Level 2.0 Polearms
 + Level 1.0 Armour
 + Level 2.0 Dodging
 * Level 2.4 Spellcasting
 * Level 3.1 Charms


You had 3 spell levels left.
You knew the following spells:

 Your Spells              Type           Power        Failure   Level  Hunger
a - Infusion              Chrm           ##..         8%          1    #......
b - Song of Slaying       Chrm           ##......     12%         2    ###....


Dungeon Overview and Level Annotations

Branches:
Dungeon (2/15)

Altars:


Innate Abilities, Weirdness & Mutations

You have a somewhat thin skeletal structure. (Dex +2, Stealth)
Your flesh is heat resistant. (rF+)


Message History

The adder misses you. The adder barely misses you.
You closely miss the adder.
The adder is almost dead.
You feel sick. The adder closely misses you.
You miss the adder.
The adder is almost dead.
The adder bites you.
You hit the adder but do no damage.
The adder is almost dead.
The adder misses you. The adder bites you.
* * * LOW HITPOINT WARNING * * *
It was a potion of invisibility.
You fade into invisibility!
* * * LOW HITPOINT WARNING * * *
You feel sick. The adder misses you.
You are very lightly contaminated with residual magic.
You hit the adder but do no damage.
The adder is almost dead.
The adder bites you.
You die...

... ... ..# #### #.#
..# #.# #.#
#.##.#<####
...#####.S..#....###.#
#.......@#######.....#
#.######....#........#
#.##.#.##.####...
#.##(#.#### ##
#.##...# ..###### ###


You could see an adder.

Vanquished Creatures
  4 dart slugs (D:1)
  A goblin (D:1)
  9 hobgoblins (D:1)
  4 kobolds
  3 bats (D:1)
  A frilled lizard (D:1)
  3 rats (D:1)
25 creatures vanquished.

Notes
Turn   | Place    | Note
-------+----------+-------------------------------------------
     0 | D:1      | vishdafish the Demonspawn Skald began the quest for the Orb.
     0 | D:1      | Reached XP level 1. HP: 16/16 MP: 3/3
   195 | D:1      | Gained mutation: You have a somewhat thin skeletal structure. (Dex +2, Stealth) [demonic ancestry]
   195 | D:1      | Reached XP level 2. HP: 17/22 MP: 5/5
   246 | D:1      | Reached skill level 3 in Charms
   253 | D:1      | Reached skill level 1 in Armour
   553 | D:1      | Learned a level 2 spell: Song of Slaying
   579 | D:1      | Gained mutation: Your flesh is heat resistant. (rF+) [demonic ancestry]
   579 | D:1      | Reached XP level 3. HP: 16/27 MP: 0/6
   930 | D:2      | Slain by an adder

Skill      XL: |  1  2 |
---------------+-------+-----
Polearms       | 2 |  2.0
Charms         | 3 |  3.1
Armour         | 1 |  1.0
Dodging        | 2 |  2.0
Fighting       | |  2.2
Spellcasting   | |  2.4

Action                   || total
-------------------------++-------
Melee: Spear             ||   104
 Cast: Infusion          ||     4
  Use: Potion            ||     1
 Stab: Sleeping          ||     4
Armor: Leather armour    ||    15
Dodge: Dodged            ||    40
